% Time on Ice - VICTORIA GLADIATORS
Lines # - Real PCT - Wanted PCT - Time Play
Normal Forward
1 - 29% - 36% - 14:40
2 - 30% - 33% - 15:06
3 - 20% - 24% - 10:05
4 - 20% - 7% - 9:56
Normal Defense
1 - 33% - 40% - 16:38
2 - 33% - 35% - 16:26
3 - 18% - 25% - 9:07
4 - 15% - 0% - 7:36
PP Forward
1 - 49% - 60% - 3:55
2 - 51% - 40% - 4:07
PP Defense
1 - 53% - 60% - 4:16
2 - 47% - 40% - 3:46
PK Forward
1 - 80% - 55% - 1:45
2 - 20% - 45% - 0:26
PK Defense
1 - 100% - 55% - 2:11
2 - 0% - 45% - 0:00
PK3 Forward
1 - 0% - 55%
2 - 0% - 45%
PK3 Defense
1 - 0% - 55%
2 - 0% - 45%
44 Forward
1 - 0% - 52%
2 - 0% - 48%
44 Defense
1 - 0% - 52%
2 - 0% - 48%
Last Minute Offensive  - 0:00
Last Minute Defensive  - 0:00
Total
Forward - 60:00
Defense - 60:00
% Time on Ice - SAN DIEGO THUNDER
Lines # - Real PCT - Wanted PCT - Time Play
Normal Forward
1 - 34% - 34% - 16:46
2 - 31% - 31% - 15:22
3 - 30% - 29% - 14:57
4 - 5% - 6% - 2:42
Normal Defense
1 - 36% - 38% - 17:54
2 - 34% - 36% - 17:01
3 - 28% - 26% - 13:47
4 - 2% - 0% - 1:05
PP Forward
1 - 47% - 55% - 1:02
2 - 53% - 45% - 1:09
PP Defense
1 - 62% - 55% - 1:21
2 - 38% - 45% - 0:50
PK Forward
1 - 70% - 60% - 5:38
2 - 30% - 40% - 2:24
PK Defense
1 - 59% - 55% - 4:42
2 - 41% - 45% - 3:20
PK3 Forward
1 - 0% - 55%
2 - 0% - 45%
PK3 Defense
1 - 0% - 55%
2 - 0% - 45%
44 Forward
1 - 0% - 55%
2 - 0% - 45%
44 Defense
1 - 0% - 55%
2 - 0% - 45%
Last Minute Offensive  - 0:00
Last Minute Defensive  - 0:00
Total
Forward - 60:00
Defense - 60:00
Play-by-Play 1st period 0:01 of 1st period - Anze Kopitar wins face-off versus Mark Scheifele in neutral zone. 0:29 of 1st period - Off-side. 0:30 of 1st period - Logan Couture wins face-off versus Barclay Goodrow in neutral zone. 0:41 of 1st period - Shot by Marcus Foligno. 0:41 of 1st period - Stopped by Mike Smith without a rebound. 0:42 of 1st period - Blake Coleman wins face-off versus Adam Lowry in VICTORIA GLADIATORS zone. 0:45 of 1st period - Shot by Jordan Greenway. 0:45 of 1st period - Stopped by Mike Smith with a rebound. 1:09 of 1st period - Shot by Blake Coleman. 1:09 of 1st period - Shot Blocked by Connor Brown. 1:17 of 1st period - Shot by Connor Brown. 1:17 of 1st period - Shot Misses the Net. 1:23 of 1st period - Shot by Adam Lowry. 1:23 of 1st period - Stopped by Connor Hellebuyck without a rebound. 1:24 of 1st period - Barclay Goodrow wins face-off versus Drake Batherson in SAN DIEGO THUNDER zone. 1:24 of 1st period - Johan Larsson is hit by Erik Cernak. 1:27 of 1st period - Icing by Connor Murphy. 1:28 of 1st period - Logan Couture wins face-off versus Barclay Goodrow in SAN DIEGO THUNDER zone. 1:40 of 1st period - Icing by Justin Holl. 1:41 of 1st period - Barclay Goodrow wins face-off versus Aliaksei Protas in VICTORIA GLADIATORS zone. 1:48 of 1st period - Shot by Barclay Goodrow. 1:48 of 1st period - Shot Misses the Net. 1:52 of 1st period - Shot by Johan Larsson. 1:52 of 1st period - Stopped by Connor Hellebuyck with a rebound. 2:17 of 1st period - Off-side. 2:18 of 1st period - Mark Scheifele wins face-off versus Tyler Toffoli in neutral zone. 2:18 of 1st period - Ryan Hartman is hit by Tyler Toffoli and loses puck. 2:51 of 1st period - Icing by Colton Parayko. 2:52 of 1st period - Anze Kopitar wins face-off versus Logan Couture in VICTORIA GLADIATORS zone. 3:22 of 1st period - Icing by Derek Forbort. 3:23 of 1st period - Logan Couture wins face-off versus Kevin Rooney in SAN DIEGO THUNDER zone. 3:32 of 1st period - Shot by Victor Rask. 3:32 of 1st period - Goal by Victor Rask - VICTORIA GLADIATORS : 1 - SAN DIEGO THUNDER : 0. 3:33 of 1st period - Connor Brown wins face-off versus Blake Coleman in neutral zone. 3:52 of 1st period - Shot by Blake Coleman. 3:52 of 1st period - Shot Misses the Net. 4:06 of 1st period - Shot by Brandon Saad. 4:06 of 1st period - Stopped by Mike Smith without a rebound. 4:07 of 1st period - Barclay Goodrow wins face-off versus Ryan Hartman in VICTORIA GLADIATORS zone. 4:07 of 1st period - Colton Parayko is hit by Evander Kane and loses puck. 4:22 of 1st period - Shot by Evander Kane. 4:22 of 1st period - Stopped by Mike Smith without a rebound. 4:23 of 1st period - Logan Couture wins face-off versus Kevin Rooney in VICTORIA GLADIATORS zone. 4:23 of 1st period - Logan Couture is hit by Patrik Nemeth. 4:31 of 1st period - Shot by Logan Couture. 4:31 of 1st period - Shot Misses the Net. 4:33 of 1st period - Shot by Marcus Foligno. 4:33 of 1st period - Stopped by Mike Smith without a rebound. 4:34 of 1st period - Barclay Goodrow wins face-off versus Mark Scheifele in VICTORIA GLADIATORS zone. 4:34 of 1st period - Barclay Goodrow is hit by Ryan Hartman. 4:41 of 1st period - Off-side. 4:42 of 1st period - Mark Scheifele wins face-off versus Anze Kopitar in neutral zone. 4:42 of 1st period - Mark Scheifele is hit by Anze Kopitar. 5:37 of 1st period - Icing by Anze Kopitar. 5:38 of 1st period - Blake Coleman wins face-off versus Anze Kopitar in VICTORIA GLADIATORS zone. 5:58 of 1st period - Minor Penalty to Jordan Greenway for Tripping. 5:59 of 1st period - Barclay Goodrow wins face-off versus Blake Coleman in SAN DIEGO THUNDER zone. 6:21 of 1st period - Icing by Colton Parayko. 6:22 of 1st period - Alex Newhook wins face-off versus Blake Coleman in VICTORIA GLADIATORS zone. 6:29 of 1st period - Blake Coleman is hit by Kasperi Kapanen. 6:49 of 1st period - Shot by Colton Parayko. 6:49 of 1st period - Stopped by Connor Hellebuyck without a rebound. 6:50 of 1st period - Anze Kopitar wins face-off versus Blake Coleman in SAN DIEGO THUNDER zone. 8:11 of 1st period - Shot by Drake Batherson. 8:11 of 1st period - Shot Blocked by Patrik Nemeth. 8:39 of 1st period - Shot by Drake Batherson. 8:39 of 1st period - Deflect By Logan Couture. 8:39 of 1st period - Goal by Logan Couture - VICTORIA GLADIATORS : 1 - SAN DIEGO THUNDER : 1. 8:40 of 1st period - Barclay Goodrow wins face-off versus Mark Scheifele in neutral zone. 8:40 of 1st period - Barclay Goodrow is hit by Evander Kane. 8:48 of 1st period - Shot by Colton Parayko. 8:48 of 1st period - Stopped by Connor Hellebuyck without a rebound. 8:49 of 1st period - Adam Lowry wins face-off versus Mark Scheifele in SAN DIEGO THUNDER zone. 8:54 of 1st period - Shot by Connor Brown. 8:54 of 1st period - Stopped by Connor Hellebuyck without a rebound. 8:55 of 1st period - Mark Scheifele wins face-off versus Johan Larsson in SAN DIEGO THUNDER zone. 9:00 of 1st period - Shot by Johan Larsson. 9:00 of 1st period - Stopped by Connor Hellebuyck without a rebound. 9:01 of 1st period - Barclay Goodrow wins face-off versus Logan Couture in SAN DIEGO THUNDER zone. 9:03 of 1st period - Johan Larsson is hit by Connor Murphy and loses puck. 9:12 of 1st period - Colton Parayko is hit by Marcus Foligno and loses puck. 9:44 of 1st period - Shot by Marcus Foligno. 9:44 of 1st period - Stopped by Mike Smith without a rebound. 9:45 of 1st period - Blake Coleman wins face-off versus Alex Newhook in VICTORIA GLADIATORS zone. 10:04 of 1st period - Shot by Blake Coleman. 10:04 of 1st period - Shot Misses the Net. 10:06 of 1st period - Shot by Blake Coleman. 10:06 of 1st period - Shot Misses the Net. 10:35 of 1st period - Minor Penalty to Evander Kane for Holding Stick. 10:36 of 1st period - Ryan Hartman wins face-off versus Anze Kopitar in SAN DIEGO THUNDER zone. 10:59 of 1st period - Shot by Connor Brown. 10:59 of 1st period - Stopped by Connor Hellebuyck without a rebound. 11:00 of 1st period - Barclay Goodrow wins face-off versus Ryan Hartman in SAN DIEGO THUNDER zone. 12:51 of 1st period - Shot by Nils Hoglander. 12:51 of 1st period - Shot Misses the Net. 13:11 of 1st period - Riley Stillman is hit by Kevin Rooney and loses puck. 13:44 of 1st period - Shot by Logan Couture. 13:44 of 1st period - Stopped by Mike Smith with a rebound. 13:46 of 1st period - Shot by Marcus Foligno. 13:46 of 1st period - Deflect By Logan Couture. 13:46 of 1st period - Shot Blocked by Jamie Drysdale. 13:48 of 1st period - Shot by Alexandre Carrier. 13:48 of 1st period - Stopped by Mike Smith with a rebound. 15:55 of 1st period - Shot by Anze Kopitar. 15:55 of 1st period - Stopped by Connor Hellebuyck without a rebound. 15:56 of 1st period - Drake Batherson wins face-off versus Barclay Goodrow in SAN DIEGO THUNDER zone. 16:03 of 1st period - Shot by Logan Couture. 16:03 of 1st period - Shot Blocked by Calvin De Haan. 16:03 of 1st period - Calvin De Haan from VICTORIA GLADIATORS is injured at 16:03 of 1st period (Back Spasms). 16:04 of 1st period - Anze Kopitar wins face-off versus Mark Scheifele in VICTORIA GLADIATORS zone. 16:09 of 1st period - Shot by Anze Kopitar. 16:09 of 1st period - Shot Misses the Net. 17:16 of 1st period - Johan Larsson is hit by Erik Cernak and loses puck. 17:24 of 1st period - Johan Larsson is hit by Erik Cernak. 17:26 of 1st period - Shot by Alex Newhook. 17:26 of 1st period - Stopped by Connor Hellebuyck without a rebound. 17:27 of 1st period - Blake Coleman wins face-off versus Adam Lowry in SAN DIEGO THUNDER zone. 17:43 of 1st period - Blake Coleman is hit by Justin Holl and loses puck. 17:54 of 1st period - Shot by Blake Coleman. 17:54 of 1st period - Shot Misses the Net. 17:56 of 1st period - Shot by Derek Forbort. 17:56 of 1st period - Shot Misses the Net. 18:26 of 1st period - Shot by Kasperi Kapanen. 18:26 of 1st period - Stopped by Connor Hellebuyck without a rebound. 18:27 of 1st period - Mark Scheifele wins face-off versus Barclay Goodrow in SAN DIEGO THUNDER zone. 19:03 of 1st period - Anze Kopitar is hit by Evander Kane and loses puck. Goals for this period are 1 for VICTORIA GLADIATORS vs 1 for SAN DIEGO THUNDER. Shots for this period are 11 for VICTORIA GLADIATORS vs 9 for SAN DIEGO THUNDER. 2nd period 0:01 of 2nd period - Blake Coleman wins face-off versus Anze Kopitar in neutral zone. 0:10 of 2nd period - Shot by Blake Coleman. 0:10 of 2nd period - Shot Misses the Net. 0:24 of 2nd period - Icing by Justin Holl. 0:25 of 2nd period - Anze Kopitar wins face-off versus Ryan Hartman in VICTORIA GLADIATORS zone. 0:47 of 2nd period - Icing by Derek Forbort. 0:48 of 2nd period - Mark Scheifele wins face-off versus Barclay Goodrow in SAN DIEGO THUNDER zone. 0:57 of 2nd period - Shot by Evander Kane. 0:57 of 2nd period - Stopped by Mike Smith without a rebound. 0:58 of 2nd period - Adam Lowry wins face-off versus Blake Coleman in VICTORIA GLADIATORS zone. 1:03 of 2nd period - Shot by Colton Parayko. 1:03 of 2nd period - Stopped by Connor Hellebuyck with a rebound. 1:28 of 2nd period - Connor Brown is hit by Erik Cernak and loses puck. 1:41 of 2nd period - Shot by Jordan Greenway. 1:41 of 2nd period - Stopped by Mike Smith without a rebound. 1:42 of 2nd period - Logan Couture wins face-off versus Anze Kopitar in VICTORIA GLADIATORS zone. 1:55 of 2nd period - Shot by Anze Kopitar. 1:55 of 2nd period - Stopped by Connor Hellebuyck without a rebound. 1:56 of 2nd period - Mark Scheifele wins face-off versus Barclay Goodrow in SAN DIEGO THUNDER zone. 2:07 of 2nd period - Shot by Evander Kane. 2:07 of 2nd period - Stopped by Mike Smith without a rebound. 2:08 of 2nd period - Anze Kopitar wins face-off versus Logan Couture in VICTORIA GLADIATORS zone. 2:32 of 2nd period - Kyle Connor is hit by Riley Stillman and loses puck. 2:40 of 2nd period - Off-side. 2:41 of 2nd period - Barclay Goodrow wins face-off versus Mark Scheifele in neutral zone. 2:54 of 2nd period - Johan Larsson is hit by Evander Kane and loses puck. 2:55 of 2nd period - Johan Larsson from VICTORIA GLADIATORS is injured at 2:55 of 2nd period (Sprained Right Ankle). 2:56 of 2nd period - Blake Coleman wins face-off versus Adam Lowry in VICTORI